 Dungeon Crawl Stone Soup version 0.28.0-53-g5a82cb258f (webtiles) character file.

Game seed: 13423830916749267739

637 ILmort the Chopper (level 7, -6/66 HPs)
             Began as a Minotaur Berserker on Aug 5, 2022.
             Was a Believer of Trog.
             Mangled by Harold
             ... wielding a +0 morningstar
              (25 damage)
             ... on level 7 of the Dungeon.
             The game lasted 00:14:42 (4785 turns).

ILmort the Chopper (Minotaur Berserker)             Turns: 4785, Time: 00:14:43

Health: -6/66      AC: 12    Str: 23    XL:     7   Next: 25%
Magic:  6/6        EV:  7    Int:  4    God:    Trog [**....]
Gold:   212        SH:  0    Dex: 10    Spells: 6/6 levels left

rFire   + . .      SeeInvis .   k - +2 war axe (freeze)
rCold   + . .      Faith    .   (no shield)
rNeg    . . .      Spirit   .   b - +1 plate armour
rPois   .          Reflect  .   (helmet restricted)
rElec   .          Harm     .   c - scarf {rC+ rF+}
rCorr   .          Rampage  .   (no gloves)
Will    .....                   (no boots)
Stlth   ..........              (no amulet)
HPRegen 0.21/turn               (no ring)
MPRegen 0.10/turn               (no ring)

@: marked, on berserk cooldown, slowed, very slow
A: horns 2, retaliatory headbutt
a: Renounce Religion, Berserk, Trog's Hand


You were on level 7 of the Dungeon.
You worshipped Trog.
Trog was pleased with you.
You visited 1 branch of the dungeon, and saw 6 of its levels.

You collected 212 gold pieces.

Inventory:

Hand Weapons
 a - a +0 hand axe
 k - a +2 war axe of freezing (weapon)
Missiles
 l - 99 stones (quivered)
 r - 36 sling bullets
Armour
 b - a +1 plate armour (worn)
 c - a scarf of resistance (worn)
Wands
 p - a wand of flame (11)
Scrolls
 f - 4 scrolls of identify
 h - a scroll of silence
Potions
 d - a potion of haste {unknown}
 e - a potion of resistance {unknown}
 g - 2 potions of heal wounds
 i - a potion of attraction {unknown}
 j - a potion of curing {unknown}
 n - a potion of ambrosia {unknown}


   Skills:
 + Level 7.6 Fighting
 + Level 7.6 Axes
 - Level 2.4 Armour
 - Level 2.2 Dodging


You had 6 spell levels left.
You didn't know any spells.
Your spell library was empty.

Dungeon Overview and Level Annotations

Branches:
Dungeon (5/15)             Temple (0/1) D:7

Altars:
Qazlal
Ru
Vehumet

Annotations:
D:7 Harold


Innate Abilities, Weirdness & Mutations

You have a pair of horns on your head.
You reflexively headbutt those who attack you in melee.


Message History

The harpoon shot hits you but does no damage.
You struggle against the net.
You feel your anger nearly subside.
You shred the net and break free!
You are no longer berserk.
You are exhausted.
You feel yourself slow down.
Harold says, "Listen, it's nothing personal.
It's just a job."
Harold points at you and mumbles some strange words.
A sentinel's mark forms upon you. The wyvern skeleton barely misses you.
You hit the wyvern skeleton.
The wyvern skeleton is lightly damaged.
The wyvern skeleton bites you. The wyvern skeleton barely misses you.
You hit the wyvern skeleton but do no damage.
The wyvern skeleton is lightly damaged.
The wyvern skeleton bites you.
You hit Harold but do no damage. Your headbutt misses Harold.
You slash the wyvern skeleton!
The wyvern skeleton bites you but does no damage.
Harold hits you but does no damage. The wyvern skeleton bites you!
Harold closely misses you.
You slash Harold! You freeze Harold. Your headbutt misses Harold.
Harold is lightly wounded.
You hit the wyvern skeleton.
The wyvern skeleton bites you but does no damage.
Harold hits you with a +0 morningstar! The wyvern skeleton bites you.
You hit Harold. You freeze Harold.
Harold is lightly wounded.
You slash the wyvern skeleton!
The wyvern skeleton bites you but does no damage.
Harold barely misses you. The wyvern skeleton bites you.
Harold hits you with a +0 morningstar!
You hit Harold but do no damage.
Harold is lightly wounded.
You barely miss the wyvern skeleton. The wyvern skeleton bites you.
* * * LOW HITPOINT WARNING * * *
Harold hits you but does no damage. The wyvern skeleton barely misses you.
Harold hits you with a +0 morningstar!!
You die...

,,,,,,,,,,..#,***≈_*,,,,,*****
,,,,,*,,,,,...*****#,,,*,,,,,*
,,,,**,,,,*,..**,##.,,,*,,,,,*
*****,,,,.#,#.#*,..,,,,*,,,,,*
*** *,,,,...#..,,.##,,,*,,,,,*
,,***,<,,......##..#,,,*,,,,,*
*,,,,,,,,,,,#......#****,,,,,*
*,,,,**,**,,,,#....# *,,,,,*
,,,,**,,***,,,#.@..#****,,,,,*
*,,,,,,,,......Z@.......,,,******
*,,**,,,,...........)...,,,,,,,,*
,,***,,,,...............,,,,,,,,*
*,**,,,,,...............,,,,,,,<*
*,,,,*,,,...............,,,,,,,,*
*,,***,,,...............>,,,,,,,*
,,** *,,,.......#.#.....,,,,,,***
,** *,****,,,***,**,,,,,,,,,,*


You could see Harold and a wyvern skeleton.

Vanquished Creatures
  Sigmund (D:3)
  A water moccasin (D:5)
  A water moccasin skeleton (D:5)
  2 orc priests
  A bullfrog skeleton (D:5)
  Ijyb (D:3)
  An orc wizard (D:5)
  7 adders
  A white imp (D:3)
  An ufetubus (D:5)
  4 worms
  3 dart slugs
  11 orcs
  8 bats
  4 endoplasms
  6 giant cockroaches
  8 goblins
  7 hobgoblins
  A quokka (D:1)
  7 ball pythons
  2 frilled lizards
  3 kobolds
  4 rats
85 creatures vanquished.

Vanquished Creatures (others)
  5 plants
5 creatures vanquished.

Grand Total: 90 creatures vanquished

Notes
Turn   | Place    | Note
-------+----------+-------------------------------------------
     0 | D:1      | ILmort the Minotaur Berserker began the quest for the Orb.
     0 | D:1      | Reached XP level 1. HP: 19/19 MP: 0/0
   357 | D:1      | Reached XP level 2. HP: 27/27 MP: 1/1
   573 | D:1      | Found a faded altar of an unknown god.
   824 | D:1      | Reached XP level 3. HP: 34/34 MP: 2/2
  1194 | D:2      | Reached ** piety under Trog
  1882 | D:2      | Reached XP level 4. HP: 41/41 MP: 3/3
  2081 | D:3      | Reached skill level 5 in Fighting
  2081 | D:3      | Reached skill level 5 in Axes
  2100 | D:3      | Found a stormy altar of Qazlal.
  2182 | D:3      | Noticed Ijyb
  2200 | D:3      | Killed Ijyb
  2420 | D:3      | Reached XP level 5. HP: 49/49 MP: 4/4
  2548 | D:3      | Noticed Sigmund
  2576 | D:3      | Killed Sigmund
  2577 | D:3      | Reached XP level 6. HP: 29/58 MP: 5/5
  3183 | D:3      | Found a sacrificial altar of Ru.
  3767 | D:4      | Found a radiant altar of Vehumet.
  4312 | D:5      | Entered Level 5 of the Dungeon
  4398 | D:5      | Noticed a water moccasin
  4404 | D:5      | Killed a water moccasin
  4405 | D:5      | Reached XP level 7. HP: 66/66 MP: 6/6
  4772 | D:5      | You fall into a shaft and drop 2 floors!
  4772 | D:7      | Noticed Harold
  4785 | D:7      | Mangled by Harold

Illustrated notes

Levels and vault maps discovered:
D:1:      tarquinn_simple_flora_water_c, layout_loops_ring,
          shapermc_ecumenical_altar_flowoftime,
          hangedman_abyss_or_decor_lesser_grid, st_stairs_2,
          minmay_misc_feat_rugged, minivault_27
D:2:      layout_loops_ring, serial_forest, infiniplex_forest_clump_medium,
          infiniplex_forest_corner_1, infiniplex_forest_end_3,
          infiniplex_forest_lined_3_way, infiniplex_forest_straight_2,
          infiniplex_forest_clump_double, infiniplex_forest_join, st_stairs_1,
          minmay_tromino_v4_a
D:3:      layout_basic, nicolae_ru_the_path_less_chosen, amcnicky_altar_gilded,
          uniq_ijyb, uniq_sigmund
D:4:      nicolae_cairo_tiling, layout_loops_corners, vehumet_crystals,
          serial_bayou_crossing
D:5:      minmay_inner_zag, layout_basic, gammafunk_ghost_arena,
          gup_sewer_entry_bowl, uniq_pikel
D:7:      layout_rooms, kennysheep_mini_moat,
          gammafunk_temple_overflow_elements, minmay_temple_entry_large_hall,
          uniq_harold

Skill      XL: |  1  2  3  4  5  6 |
---------------+-------------------+-----
Fighting       | 4 5 6 7 |  7.6
Axes           | 4 5 6 7 |  7.6
Armour         | |  2.4
Dodging        | |  2.2

Action                   |  1- 3 |  4- 6 |  7- 9 || total
-------------------------+-------+-------+-------++-------
Melee: Hand axe          |    70 |       |       ||    70
       Headbutt          |     9 |    10 |     1 ||    20
       Punch             |     1 |     2 |       ||     3
       War axe           |    10 |    81 |    21 ||   112
Invok: Berserk           |       |     2 |     1 ||     3
  Use: Scroll            |       |     4 |     4 ||     8
 Stab: Sleeping          |     1 |       |       ||     1
Armor: Animal skin       |     6 |       |       ||     6
       Plate armour      |    32 |    44 |    12 ||    88
       Chain mail        |     4 |       |       ||     4
Dodge: Dodged            |    42 |    24 |     8 ||    74
